Construct Infanterie Kompanie
Selects Italian Coastal Battlegroup
Construct Infanterie Kompanie
Construct Panzergrenadier Kompanie
Selects Artillery Officer
Pak 40 Anti-tank Gun Team
Construct Panzer Kompanie
Selects Designated Artillery Overwatch
Pak 40 Anti-tank Gun Team